 Dungeon Crawl Stone Soup version 0.28.0-53-g5a82cb258f (webtiles) character file.

Game seed: 16499416089217060915

35 gobodom the Stinger (level 3, -2/24 HPs)
             Began as a Demonspawn Venom Mage on June 18, 2022.
             Slain by an adder (5 damage)
             ... on level 2 of the Dungeon.
             The game lasted 00:06:51 (1539 turns).

gobodom the Stinger (Demonspawn Venom Mage)         Turns: 1539, Time: 00:06:53

Health: -2/24      AC:  2    Str: 10    XL:     3   Next: 16%
Magic:  3/6        EV: 12    Int: 16    God:
Gold:   56         SH:  0    Dex: 13    Spells: 5/6 levels left

rFire   . . .      SeeInvis .   e - staff of conjuration
rCold   . . .      Faith    .   (no shield)
rNeg    . . .      Spirit   .   a - +0 robe
rPois   .          Reflect  .   (no helmet)
rElec   .          Harm     .   (no cloak)
rCorr   .          Rampage  .   (no gloves)
Will    .....                   (no boots)
Stlth   ++........              (no amulet)
HPRegen 0.08/turn               (no ring)
MPRegen 0.10/turn               (no ring)

@: lethally poisoned (-2 -> -5)
A: powered by pain 1
a: no special abilities


You were on level 2 of the Dungeon.
You visited 1 branch of the dungeon, and saw 2 of its levels.

You collected 56 gold pieces.

Inventory:

Hand Weapons
 b - a +0 short sword
Armour
 a - a +0 robe (worn)
Magical Staves
 e - a staff of conjuration (weapon)
Scrolls
 c - a scroll of fear {unknown}
 d - a scroll of identify {unknown}
Potions
 f - a potion of invisibility {unknown}


   Skills:
 + Level 0.1 Fighting
 + Level 0.2 Short Blades
 + Level 0.3 Staves
 + Level 2.1 Dodging
 + Level 1.8 Stealth
 + Level 2.1 Spellcasting
 * Level 0.1 Conjurations
 + Level 1.2 Transmutations
 + Level 3.6 Poison Magic


You had 5 spell levels left.
You knew the following spells:

 Your Spells              Type           Power      Damage    Failure   Level
a - Sting                 Tmut/Pois      36%        1d4       8%          1

Your spell library contained the following spells:

 Spells                   Type           Power      Damage    Failure   Level
 Poisonous Vapours        Pois/Air       14%        N/A       14%         2
 Mephitic Cloud           Conj/Pois/Air  8%         N/A       36%         3
 Olgreb's Toxic Radiance  Pois           13%        N/A       43%         4


Dungeon Overview and Level Annotations

Branches:
Dungeon (2/15)

Altars:


Innate Abilities, Weirdness & Mutations

You sometimes gain a little power by taking damage.


Message History

The sting hits the adder.
The adder is poisoned.
The adder is moderately wounded.
The jackal bites you.
You kill the jackal!
You hit the adder.
The adder is heavily wounded.
The adder closely misses you. The adder misses you.
You completely miss the adder.
The adder is severely wounded.
The adder completely misses you. The jackal barely misses you.
Casting: Sting (safe; 8% risk of failure)
Confirm with . or Enter, or press ? or * to list all spells.
Aiming: Sting (safe; 8% risk of failure)
Press: ? - help, Shift-Dir - straight line, f - jackal, p - adder
Aim: a jackal (60% to hit)
The sting hits the jackal.
The jackal is poisoned.
The jackal is severely wounded.
You kill the jackal!
The adder misses you. The adder barely misses you.
You miss the adder.
The adder is severely wounded.
The jackal closely misses you. The adder bites you. The jackal bites you.
You barely miss the adder.
The adder is severely wounded.
The adder looks more healthy.
The adder barely misses you. The jackal barely misses you. The adder bites you.
The jackal bites you.
* * * LOW HITPOINT WARNING * * *
The adder bites you.
* * * LOW HITPOINT WARNING * * *
You are lethally poisoned!
The adder poisons you!
Casting: Sting (safe; 8% risk of failure)
Confirm with . or Enter, or press ? or * to list all spells.
Aiming: Sting (safe; 8% risk of failure)
Press: ? - help, Shift-Dir - straight line, f - adder
Aim: an adder (almost dead, 48% to hit)
The sting misses the adder.
* * * LOW HITPOINT WARNING * * *
You feel sick. The adder bites you.
You die...

#..... . #.$..# .#
#....#..#
#....#..##
#.†.....<#
#........ ###
#..####.#
##.########hh......
#..†.....@#.##.##.#
##.######.Sh...#
#.########.......#
#.....# ##...####
#####.# .### #.# .#
#.# .# #.# .. #.#


You could see an adder and a jackal.

Vanquished Creatures
  A dart slug (D:1)
  4 ball pythons
  6 bats (D:1)
  2 endoplasms (D:1)
  3 giant cockroaches (D:1)
  A hobgoblin (D:1)
  2 jackals (D:2)
  2 quokkas (D:1)
  3 frilled lizards (D:1)
  A goblin (D:1)
  5 kobolds (D:1)
  2 rats (D:1)
32 creatures vanquished.

Notes
Turn   | Place    | Note
-------+----------+-------------------------------------------
     0 | D:1      | gobodom the Demonspawn Venom Mage began the quest for the
                  | Orb.
     0 | D:1      | Reached XP level 1. HP: 13/13 MP: 3/3
   551 | D:1      | Gained mutation: You sometimes gain a little power by
                  | taking damage. [demonic ancestry]
   551 | D:1      | Reached XP level 2. HP: 19/19 MP: 1/5
   757 | D:1      | Reached skill level 1 in Transmutations
  1143 | D:1      | Reached XP level 3. HP: 21/24 MP: 4/6
  1539 | D:2      | Slain by an adder

Illustrated notes

Levels and vault maps discovered:
D:1:      nagdon_arrival_zigzag_paths, layout_basic, hex_tiny
D:2:      layout_loops_cross, uniq_sigmund, uniq_robin, uniq_natasha,
          uniq_crazy_yiuf_cottage

Skill      XL: |  1  2 |
---------------+-------+-----
Dodging        | 2 |  2.1
Transmutations | 1 |  1.2
Fighting       | |  0.1
Short Blades   | |  0.2
Staves         | |  0.3
Stealth        | |  1.8
Spellcasting   | |  2.1
Conjurations   | |  0.1
Poison Magic   | |  3.6

Action                   || total
-------------------------++-------
Melee: Unarmed           ||     5
       Short sword       ||    24
       Staff             ||    23
       Punch             ||     1
 Cast: Sting             ||    34
 Stab: Sleeping          ||     1
Armor: Robe              ||    25
Dodge: Dodged            ||    52
